 Dungeon Crawl Stone Soup version 0.17-a0-2204-gf7318e6 (webtiles) character file.

63 Minkie the Cutter (level 4, 0/29 HPs)
             Began as a Kobold Berserker on Oct 26, 2015.
             Was a Believer of Trog.
             Slain by a kobold
             ... wielding a +2 dagger of venom
              (2 damage)
             ... on level 2 of the Dungeon.
             The game lasted 00:04:34 (1453 turns).

Minkie the Cutter (Kobold Berserker)                Turns: 1453, Time: 00:04:34

Health: 0/29       AC:  2    Str: 20    XL:     4   Next: 31%
Magic:  4/4        EV: 16    Int:  5    God:    Trog [**....]
Gold:   42         SH:  0    Dex: 16    Spells: 0 memorised, 3 levels left

rFire  . . .     SeeInvis .     a - +0 short sword
rCold  . . .     Clarity  .     b - +0 animal skin
rNeg   . . .     SustAt   .     (shield restricted)
rPois  .         Gourm    .     (no helmet)
rElec  .         Spirit   .     (no cloak)
rCorr  .         Warding  .     (no gloves)
rMut   .         Stasis   .     (no boots)
MR     .....                    (no amulet)
Stlth  +.........               (no ring)
                                (no ring)

@: mighty, lethally poisoned (0 -> -18), not resistant to hostile enchantments,
very unstealthy
A: carnivore 3
a: Berserk, Trog's Hand, Burn Spellbooks, Renounce Religion


You were on level 2 of the Dungeon.
You worshipped Trog.
Trog was pleased with you.
You were completely stuffed.

You visited 1 branch of the dungeon, and saw 2 of its levels.

You collected 42 gold pieces.

Inventory:

Hand Weapons
 a - a +0 short sword (weapon)
Missiles
 h - 4 needles of confusion
 o - 5 needles of sleeping
Armour
 b - a +0 animal skin (worn)
Jewellery
 f - an uncursed ring of poison resistance {unknown}
Scrolls
 i - a scroll of fog {unknown}
 j - 2 scrolls of teleportation {unknown}
 m - 3 scrolls of identify {unknown}
Potions
 e - a potion of curing {unknown}
 g - a potion of degeneration {unknown}
 n - a potion of heal wounds {unknown}
Miscellaneous
 k - a plain deck of summoning
Comestibles
 c - 2 meat rations
 l - a beef jerky


   Skills:
 + Level 3.9 Fighting
 * Level 5.3 Short Blades
 - Level 1.5 Armour
 + Level 3.3 Dodging


You had 3 spell levels left.
You didn't know any spells.

Dungeon Overview and Level Annotations

Branches:
Dungeon (2/15)

Altars:
Nemelex Xobeh


Innate Abilities, Weirdness & Mutations

You are small and have problems with some larger weapons.
You are carnivorous and can eat meat at any time.


Message History

You hit the kobold but do no damage.
The kobold is moderately wounded.
* * * LOW HITPOINT WARNING * * *
You feel sick. The kobold hits you but does no damage.
You are more poisoned.
You hit the kobold but do no damage.
The kobold is moderately wounded.
* * * LOW HITPOINT WARNING * * *
You feel sick. The kobold closely misses you.
Drink which item? (? for menu, Esc to quit)
It was a potion of might.
You feel very mighty all of a sudden.
* * * LOW HITPOINT WARNING * * *
You feel sick. The kobold barely misses you.
You closely miss the kobold.
The kobold is moderately wounded.
* * * LOW HITPOINT WARNING * * *
You feel sick.
The kobold hits you with a dagger of venom.
You die...

#.##.#..###############
...##...## .# #..#.#
.###....####
...........#
#####......# #......#
#.#.#### # #.#@# #
###.#K### # #..(....# #
#.........# #
##......>## # #########
# # #


You could see a kobold.

Vanquished Creatures
  An adder (D:2)
  2 gnolls (D:1)
  2 giant geckos
  3 bats
  7 goblins
  5 hobgoblins
  6 kobolds
  2 ball pythons
  2 giant newts (D:2)
  5 rats
35 creatures vanquished.

Notes
Turn   | Place    | Note
--------------------------------------------------------------
     0 | D:1      | Minkie the Kobold Berserker began the quest for the Orb.
     0 | D:1      | Reached XP level 1. HP: 14/14 MP: 1/1
   331 | D:1      | Reached XP level 2. HP: 19/19 MP: 2/2
   359 | D:1      | Found a sparkling altar of Nemelex Xobeh.
   799 | D:1      | Reached XP level 3. HP: 16/23 MP: 3/3
  1216 | D:2      | Reached skill level 5 in Short Blades
  1217 | D:2      | Reached ** piety under Trog
  1275 | D:2      | Reached XP level 4. HP: 26/29 MP: 4/4
  1453 | D:2      | Slain by a kobold

Vault maps used:
D:1:      onia_arrival_pentagram, nemelex_deck

Action                   |  1- 3 |  4- 6 || total
-------------------------+-------+-------++-------
Melee: Short sword       |   101 |    21 ||   122
Invok: Berserk           |     2 |     1 ||     3
  Use: Potion            |       |     1 ||     1
 Stab: Sleeping          |     1 |       ||     1
  Eat: Chunk             |    10 |     3 ||    13
